 Dungeon Crawl Stone Soup version 0.29.1-12-g30fa7ad0bf (webtiles) character file.

Game seed: 8741492128638784861

2635 IcyTea the Basher (level 9, -3/49 (70) HPs)
             Began as a Minotaur Fighter on Dec 22, 2022.
             Was an Initiate of Makhleb.
             Slain by Joseph
             ... wielding a +0 quarterstaff
              (7 damage)
             ... on level 7 of the Dungeon.
             The game lasted 00:26:19 (6538 turns).

IcyTea the Basher (Minotaur Fighter)                Turns: 6538, Time: 00:26:19

HP:   -3/49 (70)    AC: 13    Str: 23    XL:     9   Next: 35%
MP:   11/11         EV:  6    Int:  7    God:    Makhleb [......]
Gold: 422           SH:  4    Dex: 10    Spells: 8/8 levels left

rFire   . . .      SeeInvis .   a - +0 morningstar
rCold   . . .      Faith    .   c - +0 buckler
rNeg    . . .      Spirit   .   k - +0 plate armour
rPois   .          Reflect  .   (helmet restricted)
rElec   .          Harm     .   n - scarf {+Inv}
rCorr   .          Rampage  .   x - +0 pair of gloves
Will    .....                   D - +0 pair of boots
Stlth   ..........              (no amulet)
HPRegen 0.16/turn               (no ring)
MPRegen 0.12/turn               (no ring)

@: hasted, very heavily drained, very quick
A: horns 2, retaliatory headbutt
a: Renounce Religion, Evoke Invisibility


You were on level 7 of the Dungeon.
You worshipped Makhleb.
Makhleb was noncommittal.
You visited 2 branches of the dungeon, and saw 8 of its levels.
You also visited: Sewer.

You collected 422 gold pieces.

Inventory:

Hand Weapons
 a - a +0 morningstar (weapon)
 b - a +0 sling
 B - a +0 flail
 F - a +2 whip of freezing
Missiles
 d - 6 silver javelins
 f - 6 javelins (quivered)
Armour
 c - a +0 buckler (worn)
 e - a +0 scale mail
 j - a +0 chain mail
 k - a +0 plate armour (worn)
 n - a scarf of invisibility (worn)
 x - a +0 pair of gloves (worn)
 D - a +0 pair of boots (worn)
Jewellery
 w - a ring of fire
Wands
 l - a wand of digging (8)
 C - a wand of flame (39)
Scrolls
 g - a scroll of amnesia {unknown}
 h - 7 scrolls of teleportation
 i - 4 scrolls of fear
 s - 2 scrolls of fog
 t - a scroll of enchant armour {unknown}
 v - a scroll of enchant weapon {unknown}
 y - a scroll of acquirement {unknown}
 z - 2 scrolls of magic mapping {unknown}
Potions
 m - a potion of mutation {unknown}
 o - 6 potions of flight
 p - a potion of magic
 r - a potion of ambrosia {unknown}
 u - a potion of berserk rage {unknown}
 A - a potion of might
 E - a potion of lignification {unknown}
 G - a potion of brilliance {unknown}


   Skills:
 - Level 3.6 Fighting
 - Level 14.0 Maces & Flails
 - Level 3.6 Armour
 - Level 3.6 Shields
 + Level 4.9 Invocations


You had 8 spell levels left.
You didn't know any spells.
Your spell library contained the following spells:

 Spells                   Type           Power      Damage    Failure   Level
 Freeze                   Ice            0%         1d3       100%        1
 Necrotise                Necr           0%         1d4       100%        1
 Frozen Ramparts          Ice            0%         1d1       100%        3
 Vampiric Draining        Necr           0%         2d6       100%        3
 Hailstorm                Conj/Ice       0%         3d3       100%        4
 Agony                    Necr           0%         N/A       100%        5


Dungeon Overview and Level Annotations

Branches:
Dungeon (7/15)             Temple (1/1) D:6           Sewer (visited)

Altars:
Dithmenos
Elyvilon
Gozag
Hepliaklqana
Makhleb
Nemelex Xobeh
Okawaru
Qazlal
Ru
Trog
Uskayaw
Vehumet
Wu Jian
Xom
Yredelemnul
Zin
The Shining One

Shops:
D:1 (

Annotations:
D:6 3 runed translucent doors, CungeonDrawl's ghost, novice DjCj
D:7 Joseph


Innate Abilities, Weirdness & Mutations

You have a pair of horns on your head.
You reflexively headbutt those who attack you in melee.


Message History

Joseph shouts!
You hear a shout!
Joseph unwields a +0 quarterstaff.
Joseph wields a +0 sling.
Joseph shoots a sling bullet.
The sling bullet hits you!
You sock the necrophage!
The necrophage is heavily damaged.
Joseph shoots a sling bullet.
The sling bullet barely misses you.
You bludgeon the necrophage!!
You destroy the necrophage!
Makhleb accepts your kill.
Joseph shoots a sling bullet.
The sling bullet barely misses you.
Joseph shoots a sling bullet.
The sling bullet hits you!
You hear a shout!
Joseph shoots a sling bullet.
The sling bullet hits you!
Joseph shoots a sling bullet.
The sling bullet hits you!!
An orc comes into view. It is wielding a +0 club.
The orc shouts!
Joseph shoots a sling bullet.
The sling bullet hits you!
An orc wizard comes into view. It is wielding a +0 dagger.
The orc wizard moves out of view.
You feel drained.
You fail to use your ability.
You feel drained.
You fail to use your ability.
You feel drained.
You fail to use your ability.
The orc wizard shouts!
Joseph unwields a +0 sling.
Joseph wields a +0 quarterstaff.
Joseph hits you with a +0 quarterstaff!
* * * LOW HITPOINT WARNING * * *
You sock Joseph!
Joseph is moderately wounded.
Joseph hits you with a +0 quarterstaff!
* * * LOW HITPOINT WARNING * * *
You puncture Joseph!
Joseph is moderately wounded.
An orc priest comes into view. It is wielding a +0 club.
The orc wizard gestures wildly while chanting.
The orc wizard flickers and vanishes!
Deactivating autopickup; reactivate with Ctrl-A.
It was a potion of haste.
You feel yourself speed up.
The orc priest shouts!
Joseph hits you with a +0 quarterstaff!
You die...

o###### .........
##{......##
#.........#
#.........# ###
#o.?......#
.....####@.>......#
#....@.........#
######.........#
#.........####
#............#
#............
#.........#..
##..<....## #
##....<## #######


You could see Joseph, an orc priest and an orc.

Vanquished Creatures
  Pikel (D:6)
  A deep elf zephyrmancer (D:6)
  Prince Ribbit (D:6)
  The ghost of ripuliukko the Digger, an amateur GrEE (D:3)
  Sigmund (D:3)
  A water moccasin (D:5)
  A sky beast (D:6)
  A lemure (D:6)
  A centaur (D:5)
  3 necrophages
  A bullfrog (D:6)
  2 scorpions (D:6)
  A howler monkey (D:6)
  3 hounds
  A jelly (D:5)
  2 orc wizards (D:5)
  2 iguanas (D:6)
  4 gnolls (D:4)
  9 adders
  3 river rats (Sewer)
  A shadow imp (D:5)
  3 ufetubi
  3 dart slugs
  28 orcs
  3 endoplasms
  6 giant cockroaches
  10 goblins
  8 hobgoblins
  6 jackals
  8 quokkas
  14 ball pythons
  6 bats
  2 frilled lizards
  6 kobolds
  6 rats
150 creatures vanquished.

Notes
Turn   | Place    | Note
-------+----------+-------------------------------------------
     0 | D:1      | IcyTea the Minotaur Fighter began the quest for the Orb.
     0 | D:1      | Reached XP level 1. HP: 19/19 MP: 0/0
    72 | D:1      | Reached skill level 3 in Maces & Flails
    93 | D:1      | Reached XP level 2. HP: 26/26 MP: 1/1
   133 | D:1      | Found Mauripny's Antique Weapon Boutique.
   144 | D:1      | Reached skill level 4 in Maces & Flails
   429 | D:1      | Found a faded altar of an unknown god.
   818 | D:2      | Reached XP level 3. HP: 31/31 MP: 2/2
  1253 | D:2      | Reached skill level 5 in Maces & Flails
  1513 | D:3      | Noticed Sigmund
  1754 | D:3      | Reached XP level 4. HP: 39/39 MP: 3/3
  2040 | D:3      | Found a runed translucent door.
  2041 | D:3      | Noticed ripuliukko's ghost (amateur GrEE)
  2313 | D:3      | Killed Sigmund
  2314 | D:3      | Reached skill level 7 in Maces & Flails
  2314 | D:3      | Reached XP level 5. HP: 27/45 MP: 4/4
  2797 | D:4      | Reached XP level 6. HP: 34/51 MP: 5/5
  3070 | D:4      | Reached skill level 8 in Maces & Flails
  3262 | D:4      | Found a shimmering altar of Xom.
  3417 | D:3      | Killed ripuliukko's ghost
  3418 | D:3      | Reached skill level 9 in Maces & Flails
  3591 | D:5      | Entered Level 5 of the Dungeon
  3640 | D:5      | Noticed a water moccasin
  3656 | D:5      | Killed a water moccasin
  3657 | D:5      | Reached XP level 7. HP: 20/57 MP: 6/6
  3871 | D:5      | Reached skill level 10 in Maces & Flails
  3925 | D:5      | Found a glowing drain.
  3930 | Sewer    | Entered a sewer
  4520 | D:5      | Reached skill level 11 in Maces & Flails
  4542 | D:5      | Reached XP level 8. HP: 14/64 MP: 7/7
  5253 | D:6      | Reached skill level 12 in Maces & Flails
  5439 | D:6      | Found a staircase to the Ecumenical Temple.
  5458 | Temple   | Entered the Ecumenical Temple
  5700 | Temple   | Became a worshipper of Makhleb the Destroyer
  5900 | D:6      | Found a runed translucent gate.
  5900 | D:6      | Found a runed translucent gate.
  5900 | D:6      | Found a runed translucent gate.
  5905 | D:6      | Noticed a spectral unseen horror
  5905 | D:6      | Noticed CungeonDrawl's ghost (novice DjCj)
  5905 | D:6      | Noticed a spectral unseen horror
  6087 | D:6      | Noticed a deep elf zephyrmancer
  6099 | D:6      | Killed a deep elf zephyrmancer
  6100 | D:6      | Reached skill level 13 in Maces & Flails
  6180 | D:6      | Noticed Prince Ribbit
  6180 | D:6      | Noticed Pikel
  6192 | D:6      | Killed Pikel
  6193 | D:6      | Reached skill level 14 in Maces & Flails
  6193 | D:6      | Reached XP level 9. HP: 67/70 MP: 7/10
  6206 | D:6      | Killed Prince Ribbit
  6522 | D:7      | Noticed Joseph
  6538 | D:7      | Slain by Joseph

Illustrated notes

Levels and vault maps discovered:
D:1:      minmay_arrival_cross, layout_loops_ring,
          ebering_ecumenical_altar_rust, serial_shops, nicolae_shop_stone,
          minmay_tetromino_s4
D:2:      layout_loops_ring, minmay_distorted
D:3:      layout_loops_corners, ebering_ghost_sewer_d, uniq_sigmund
D:4:      layout_rooms, kennysheep_mini
D:5:      layout_rooms, portal_sewer_entry_e
D:6:      minmay_spotlight, layout_loops_ring, minmay_temple_entry_wispy,
          gammafunk_ghost_necromancy, guppyfry_early_elven_hall,
          uniq_prince_ribbit1, uniq_pikel
D:7:      layout_rooms, hangedman_abyss_or_decor_stabs, grunt_tough_drop,
          uniq_joseph
Temple:   regret_index_temple_sphere_string

Skill      XL: |  1  2  3  4  5  6  7  8  9 |
---------------+----------------------------+-----
Maces & Flails | 3 4 5 7 9 11 14 | 14.0
Invocations    | 3 4 |  4.9
Fighting       | |  3.6
Armour         | |  3.6
Shields        | |  3.6

Action                   |  1- 3 |  4- 6 |  7- 9 || total
-------------------------+-------+-------+-------++-------
Melee: Flail             |    89 |   105 |   157 ||   351
       Headbutt          |    10 |    17 |    29 ||    56
       Morningstar       |       |       |    35 ||    35
 Fire: Sling             |       |     3 |       ||     3
Throw: Javelin           |       |     7 |     6 ||    13
  Use: Scroll            |     5 |     2 |       ||     7
       Potion            |       |     2 |     4 ||     6
Armor: Scale mail        |    14 |       |       ||    14
       Chain mail        |    26 |    63 |    76 ||   165
       Plate armour      |       |       |    29 ||    29
Dodge: Dodged            |    28 |    42 |    66 ||   136
Block: Buckler           |    14 |    29 |    48 ||    91
